 Dungeon Crawl Stone Soup version 0.20.1-1-g8b1a95d (webtiles) character file.

165 tesudzi the Grave Robber (level 5, -3/35 HPs)
             Began as a Demonspawn Necromancer on Aug 2, 2017.
             Killed by divine providence
             ... invoked by an orc priest
              (12 damage)
             ... on level 4 of the Dungeon.
             The game lasted 00:14:14 (4143 turns).

tesudzi the Grave Robber (Demonspawn Necromancer)   Turns: 4143, Time: 00:14:15

Health: -3/35      AC:  5    Str:  8    XL:     5   Next: 22%
Magic:  8/8        EV: 12    Int: 18    God:
Gold:   213        SH:  0    Dex: 13    Spells: 0/8 levels left

rFire    . . .     SeeInvis .   t - +1 dagger (protect)
rCold    . . .     Gourm    .   (no shield)
rNeg     . . .     Faith    .   a - +0 robe
rPois    .         Spirit   .   (no helmet)
rElec    .         Reflect  .   (no cloak)
rCorr    .         Harm     .   d - +0 pair of gloves (curse)
MR       .....                  (no boots)
Stlth    ++........             (no amulet)
Regen    0.2/turn               (no ring)
MPRegen  0.2/turn               (no ring)

@: no status effects
A: molten scales 1, demonic guardian 1
a: no special abilities


You were on level 4 of the Dungeon.
You were not hungry.

You visited 1 branch of the dungeon, and saw 4 of its levels.

You collected 213 gold pieces.

Inventory:

Hand Weapons
 e - a +0 dagger
 k - a +0 short sword
 o - a +0 spear
 t - a +1 dagger of protection (weapon)
Missiles
 l - 23 arrows
Armour
 a - a +0 robe (worn)
 d - a cursed +0 pair of gloves (worn)
Wands
 s - a wand of acid (8/15)
Scrolls
 g - a scroll of magic mapping {unknown}
 h - 3 scrolls of teleportation {unknown}
 i - 4 scrolls of remove curse
 j - a scroll of recharging {unknown}
 n - 4 scrolls of amnesia {unknown}
 q - a scroll of identify
Potions
 f - a potion of brilliance {unknown}
 m - 3 potions of agility
 p - a potion of magic
 v - a potion of might {unknown}
Books
 b - a book of Necromancy

   Spells                             Type                      Level
   a - Pain                           Necromancy                   1
   b - Animate Skeleton               Necromancy                   1
   c - Vampiric Draining              Necromancy                   3
   d - Regeneration                   Charms/Necromancy            3
   e - Animate Dead                   Necromancy                   4
   f - Control Undead                 Necromancy                   4
Comestibles
 c - 2 bread rations
 r - 3 fruits
 u - a chunk of flesh


   Skills:
 - Level 1.7 Dodging
 - Level 1.7 Stealth
 - Level 2.0 Spellcasting
 + Level 7.2 Necromancy


You couldn't memorise any spells.
You knew the following spells:

 Your Spells              Type           Power        Failure   Level  Hunger
a - Pain                  Necr           ####         1%          1    #......
b - Animate Skeleton      Necr           N/A          1%          1    #......
c - Regeneration          Chrm/Necr      ##........   12%         3    ###....
d - Vampiric Draining     Necr           ####......   2%          3    ###....


Dungeon Overview and Level Annotations

Branches:
Dungeon (4/15)
 Temple: D:4-7

Altars:
Ashenzari
Okawaru
Ru


Innate Abilities, Weirdness & Mutations

You are partially covered in molten scales. (AC +2)
A weak demonic guardian rushes to your aid.


Message History

Unknown command.
You swap places.
Your shadow imp barely misses the orc priest.
The orc priest invokes the aid of Beogh against you.
Beogh smites you!
* * * LOW HITPOINT WARNING * * *
Found 10 gold pieces.
A howler monkey comes into view.
Found 26 stones.
Found 5 needles of paralysis.
You see here 10 gold pieces.
You now have 213 gold pieces (gained 10).
Your magical contamination has completely faded away.
Your shadow imp disappears in a puff of smoke!
Your quasit disappears in a puff of smoke!
The orc priest looks encouraged for a moment.
Your adder skeleton bites the orc priest.
The orc priest invokes the aid of Beogh against you.
Beogh smites you!
You die...

#...# .######
###.# ########.#
.........# #.
########.## #.###
#..## ####.#..
##.#.. ....#.##
#.#.# #.....#
#@#.# #..#..#
#.#.# #...o.###.
#.#.# #.#o..)ooo
#.#.#####.5##<####
#.#....o..## .#
#.#.##5#### ..
##Z#.##.# .##
##o#..##.# .#
##.###.##.# .#


You could see an orc priest and a friendly adder skeleton.

Vanquished Creatures
  An orc wizard (D:3)
  5 adders
  An adder skeleton (D:4)
  2 worms (D:2)
  2 dart slugs
  A leopard gecko (D:1)
  4 orcs
  A giant cockroach (D:3)
  6 goblins
  12 hobgoblins
  10 jackals
  8 kobolds
  A quokka (D:2)
  A ball python skeleton (D:4)
  6 bats
  3 frilled lizards
  3 rats (D:2)
67 creatures vanquished.

Vanquished Creatures (collateral kills)
  2 orcs (D:3)
  A giant cockroach (D:1)
  A hobgoblin (D:2)
  A kobold (D:1)
  A rat (D:1)
6 creatures vanquished.

Grand Total: 73 creatures vanquished

Notes
Turn   | Place    | Note
-------+----------+-------------------------------------------
     0 | D:1      | tesudzi the Demonspawn Necromancer began the quest for the Orb.
     0 | D:1      | Reached XP level 1. HP: 13/13 MP: 3/3
   453 | D:1      | Gained mutation: A weak demonic guardian rushes to your aid. [demonic ancestry]
   453 | D:1      | Reached XP level 2. HP: 3/19 MP: 1/5
   487 | D:1      | Reached skill level 5 in Necromancy
   754 | D:1      | Learned a level 1 spell: Animate Skeleton
  1296 | D:1      | Gained mutation: You are partially covered in molten scales. (AC +2) [demonic ancestry]
  1296 | D:1      | Reached XP level 3. HP: 18/24 MP: 4/6
  1336 | D:1      | Learned a level 3 spell: Regeneration
  1881 | D:2      | Reached skill level 6 in Necromancy
  2177 | D:2      | Reached XP level 4. HP: 16/30 MP: 0/7
  3079 | D:3      | Found a shattered altar of Ashenzari.
  3088 | D:3      | Found an iron altar of Okawaru.
  3249 | D:3      | Found a sacrificial altar of Ru.
  3277 | D:3      | Reached skill level 7 in Necromancy
  3277 | D:3      | Reached XP level 5. HP: 30/35 MP: 2/8
  3937 | D:3      | Learned a level 3 spell: Vampiric Draining
  4143 | D:4      | Killed from afar by an orc priest

Skill      XL: |  1  2  3  4 |
---------------+-------------+-----
Necromancy     | 5 6 7 |  7.2
Dodging        | |  1.7
Stealth        | |  1.7
Spellcasting   | |  2.0

Action                   |  1- 3 |  4- 6 || total
-------------------------+-------+-------++-------
Melee: Unarmed           |     7 |       ||     7
       Dagger            |    26 |     9 ||    35
       Short sword       |    13 |       ||    13
       Spear             |     9 |    66 ||    75
Throw: Throwing net      |       |     1 ||     1
 Cast: Pain              |    65 |    42 ||   107
       Animate Skeleton  |     6 |    12 ||    18
  Use: Scroll            |     2 |     2 ||     4
 Stab: Sleeping          |     1 |     4 ||     5
  Eat: Chunk             |     5 |     7 ||    12
Armor: Robe              |    21 |    30 ||    51
Dodge: Dodged            |    68 |    68 ||   136
